 Dungeon Crawl Stone Soup version 0.22-b1-59-g0aedee7 (webtiles) character file.

135 goulibeur the Distorting Demonspawn (level 4, 0/37 HPs)
             Began as a Demonspawn Abyssal Knight on Aug 9, 2018.
             Was a Believer of Lugonu.
             Slain by an iguana (6 damage)
             ... on level 4 of the Dungeon.
             The game lasted 00:08:45 (3513 turns).

goulibeur the Distorting Demonspawn (DsAK)          Turns: 3513, Time: 00:08:47

Health: 0/37       AC:  7    Str: 12    XL:     4   Next: 97%
Magic:  7/7        EV: 11    Int: 13    God:    Lugonu [**....]
Gold:   155        SH:  0    Dex: 14    Spells: 3/3 levels left

rFire    . . .     SeeInvis .   f - +0 war axe
rCold    . . .     Gourm    .   (no shield)
rNeg     . . .     Faith    .   e - +0 ring mail (curse)
rPois    .         Spirit   .   (no helmet)
rElec    .         Reflect  .   (no cloak)
rCorr    .         Harm     .   (no gloves)
MR       .....                  (no boots)
Stlth    ..........             k - amulet of regeneration
HPRegen  0.52/turn              (no ring)
MPRegen  0.10/turn              (no ring)

@: no status effects
A: hooves 1, rugged brown scales 2
a: Depart the Abyss, Bend Space, Renounce Religion


You were on level 4 of the Dungeon.
You worshipped Lugonu.
Lugonu was pleased with you.
You were very hungry.

You visited 1 branch of the dungeon, and saw 4 of its levels.
You visited the Abyss 1 time.

You collected 155 gold pieces.

Inventory:

Hand Weapons
 a - a +1 short sword
 f - a +0 war axe (weapon)
Armour
 b - a +0 leather armour
 e - a cursed +0 ring mail (worn)
 n - a +0 scale mail
 q - a +0 plate armour
Jewellery
 k - an amulet of regeneration (around neck)
 p - an uncursed ring of fire
Scrolls
 d - a scroll of enchant armour {unknown}
 g - a scroll of teleportation
 o - a scroll of identify
 s - a scroll of remove curse {unknown}
Potions
 h - a potion of ambrosia {unknown}
 i - a potion of degeneration {unknown}
 j - a potion of might {unknown}
 l - 3 potions of curing {unknown}
 m - a potion of haste {unknown}
 r - a potion of brilliance {unknown}
Comestibles
 c - 4 rations


   Skills:
 + Level 3.6 Fighting
 - Level 1.7 Short Blades
 + Level 2.6 Armour
 + Level 2.0 Dodging
 * Level 4.6 Invocations


You had 3 spell levels left.
You didn't know any spells.
Your spell library contained the following spells:

 Spells                   Type           Power        Failure   Level  Hunger
 Confuse                  Hex            #.......     90%         3    ####...
 Confusing Touch          Hex            #.....       56%         1    ##.....
 Metabolic Englaciation   Hex/Ice        #.........   100%        5    ######.
 Petrify                  Tmut/Erth      #.......     100%        4    #####..
 Gell's Gravitas          Tloc           #.........   90%         3    ####...
 Yara's Violent Unravell  Hex/Tmut       #.........   100%        5    ######.


Dungeon Overview and Level Annotations

Branches:
Dungeon (4/15)
 Temple: D:4-7

Altars:
Sif Muna
Yredelemnul
Zin

Annotations:
D:4 3 runed doors, dracos369's ghost, amateur OpTm


Innate Abilities, Weirdness & Mutations

You have large cloven feet.
You are mostly covered in rugged brown scales. (AC +2, +5% HP)


Message History

Found a pair of gloves.
Your ring mail prevents you from hitting the iguana.
The iguana closely misses you.
You closely miss the iguana. The iguana bites you. x2
You hit the iguana.
The iguana is lightly wounded.
The iguana bites you.
You closely miss the iguana.
The iguana is lightly wounded.
The iguana bites you but does no damage.
The iguana misses you.
You hit the iguana.
The iguana is moderately wounded.
The iguana bites you!
You barely miss the iguana. Your kick misses the iguana.
The iguana is moderately wounded.
The iguana bites you!
* * * LOW HITPOINT WARNING * * *
The iguana bites you.
You die...

.. .#.#........ #.
.#..........
######.##.#..........
.[.................<.
..........###......##
..........###<.....#
.....................
##l#.##.......#.
###@#.##.........
#..............#.
#...#########.##
#...#Z......#.#
#...#..###..# #
##..+.W# ..#.
#..+.... ).#.#
#..+..###!.#.#
#..#..# #.#


You could see an iguana.

Vanquished Creatures
  An orc wizard (D:3)
  4 adders
  2 worms (D:2)
  A dart slug (D:2)
  7 orcs (D:3)
  4 giant cockroaches
  9 goblins
  5 hobgoblins
  3 jackals (D:2)
  3 kobolds
  3 quokkas (D:2)
  5 bats
  5 frilled lizards (D:2)
  A rat (D:1)
53 creatures vanquished.

Notes
Turn   | Place    | Note
-------+----------+-------------------------------------------
     0 | Abyss:1  | goulibeur the Demonspawn Abyssal Knight began the quest for the Orb.
     0 | Abyss:1  | Reached XP level 1. HP: 18/18 MP: 2/2
    61 | Abyss:1  | Noticed a raiju
    62 | D:1      | Escaped the Abyss
   155 | D:1      | Reached skill level 1 in Dodging
   281 | D:1      | Reached * piety under Lugonu
   302 | D:1      | Gained mutation: You have large cloven feet. [demonic ancestry]
   302 | D:1      | Reached XP level 2. HP: 20/24 MP: 4/4
   387 | D:1      | Reached skill level 3 in Invocations
   876 | D:2      | Gained mutation: You are partially covered in rugged brown scales. (AC +1, +3% HP) [demonic ancestry]
   876 | D:2      | Reached XP level 3. HP: 6/29 MP: 5/5
  1991 | D:2      | Reached skill level 4 in Invocations
  1991 | D:2      | Gained mutation: You are mostly covered in rugged brown scales. (AC +2, +5% HP) [demonic ancestry]
  1991 | D:2      | Reached XP level 4. HP: 29/36 MP: 5/7
  2088 | D:2      | Reached ** piety under Lugonu
  2190 | D:2      | Found a deep blue altar of Sif Muna.
  2654 | D:3      | Found a glowing silver altar of Zin.
  3125 | D:3      | Found a basalt altar of Yredelemnul.
  3494 | D:4      | Found a runed gate.
  3495 | D:4      | Found a runed gate.
  3495 | D:4      | Found a runed gate.
  3500 | D:4      | Noticed dracos369's ghost (amateur OpTm)
  3513 | D:4      | Slain by an iguana

Skill      XL: |  1  2  3  4 |
---------------+-------------+-----
Dodging        | 1 2 |  2.0
Armour         | 2 |  2.6
Invocations    | 3 4 |  4.6
Fighting       | |  3.6
Short Blades   | |  1.7

Action                   |  1- 3 |  4- 6 || total
-------------------------+-------+-------++-------
Melee: Short sword       |    65 |       ||    65
       Kick              |    17 |    12 ||    29
       War axe           |    50 |    67 ||   117
Invok: Depart the Abyss  |     1 |       ||     1
  Use: Scroll            |       |     4 ||     4
  Eat: Chunk             |     3 |     4 ||     7
Armor: Leather armour    |     2 |       ||     2
       Ring mail         |    54 |    27 ||    81
Dodge: Dodged            |    72 |    43 ||   115
